 Dungeon Crawl Stone Soup version 0.26.0-11-g8f856b5395 (webtiles) character file.

Game seed: 6591306704561374626

62 xSliceyx the Skirmisher (level 4, -8/37 HPs)
             Began as a Human Wanderer on Jan 15, 2021.
             Mangled by a gnoll
             ... wielding a cursed -1 halberd
              (16 damage)
             ... on level 2 of the Dungeon.
             The game lasted 00:02:45 (1391 turns).

xSliceyx the Skirmisher (Human Wanderer)            Turns: 1391, Time: 00:02:46

Health: -8/37      AC:  6    Str: 16    XL:     4   Next: 28%
Magic:  4/4        EV: 12    Int: 10    God:
Gold:   48         SH:  0    Dex: 12    Spells: 3/3 levels left

rFire    . . .     SeeInvis .   a - +2 hand axe
rCold    . . .     Faith    .   (no shield)
rNeg     . . .     Spirit   .   d - +0 robe
rPois    .         Reflect  .   (no helmet)
rElec    .         Harm     .   (no cloak)
rCorr    .         Rampage  .   (no gloves)
Will     .....                  (no boots)
Stlth    ++........             (no amulet)
HPRegen  0.12/turn              j - +4 ring of protection
MPRegen  0.09/turn              (no ring)

@: no status effects
A: no striking features
a: no special abilities


You were on level 2 of the Dungeon.
You visited 1 branch of the dungeon, and saw 2 of its levels.

You collected 48 gold pieces.

Inventory:

Hand Weapons
 a - a +2 hand axe (weapon)
 e - a +0 dagger
Armour
 d - a +0 robe (worn)
Jewellery
 j - a +4 ring of protection (left hand)
 m - a +6 ring of dexterity {unknown}
Scrolls
 f - a scroll of fear {unknown}
 g - a scroll of identify {unknown}
 h - 2 scrolls of remove curse {unknown}
 l - 2 scrolls of enchant armour {unknown}
 n - a scroll of noise {unknown}
 o - a scroll of teleportation {unknown}
Potions
 b - 2 potions of curing
 c - 2 potions of lignification
 i - a potion of brilliance {unknown}
 k - a potion of cancellation {unknown}


   Skills:
 + Level 4.0 Fighting
 - Level 1.0 Axes
 - Level 1.0 Throwing
 + Level 2.3 Armour
 - Level 2.0 Dodging
 - Level 2.0 Stealth
 - Level 1.0 Shields


You had 3 spell levels left.
You didn't know any spells.
Your spell library was empty.

Dungeon Overview and Level Annotations

Branches:
Dungeon (2/15)

Altars:
Qazlal


Message History

You hit the gnoll.
The gnoll is heavily wounded.
The gnoll closely misses you.
The gnoll hits you from afar with a cursed -1 halberd.
The gnoll closely misses you.
You hit the gnoll.
The gnoll is almost dead.
The gnoll misses you. The gnoll hits you with a +0 halberd!
* * * LOW HITPOINT WARNING * * *
You hit the gnoll.
You kill the gnoll!
The gnoll hits you but does no damage.
Your Fighting skill increases to level 4!
The gnoll closely misses you.
Things that are here:
a +0 halberd; a throwing net You hit the gnoll.
The gnoll is lightly wounded.
The gnoll hits you with a cursed -1 halberd!
You die...

..# ####...## ##..#
#........ # #...
#...._... #.####..#
#........
#..$....####.#####...##
#...........>###E#...#E
#.# #.###...## #g# #.#
#..### #@#######.#
#.....
#()((.....###.....
#########......###
###.##.# #.# .# #)# .#
#.# .# #.# .# #.# .#


You could see a gnoll.

Vanquished Creatures
  2 gnolls (D:2)
  2 dart slugs (D:1)
  A leopard gecko (D:1)
  A giant cockroach (D:1)
  7 goblins
  6 hobgoblins
  9 kobolds
  2 bats
  A frilled lizard (D:1)
  4 rats (D:1)
35 creatures vanquished.

Notes
Turn   | Place    | Note
-------+----------+-------------------------------------------
     0 | D:1      | xSliceyx the Human Wanderer began the quest for the Orb.
     0 | D:1      | xSliceyx set off with the following items: a +2 hand axe, a
                  | potion of curing, a potion of lignification, a +0 robe, a
                  | +0 dagger
     0 | D:1      | Reached XP level 1. HP: 18/18 MP: 1/1
    38 | D:1      | Reached XP level 2. HP: 15/24 MP: 2/2
    39 | D:1      | Reached skill level 1 in Armour
   396 | D:1      | Reached XP level 3. HP: 23/29 MP: 3/3
  1293 | D:2      | Noticed a fire elemental
  1323 | D:2      | Found a stormy altar of Qazlal.
  1324 | D:2      | Noticed an air elemental
  1327 | D:2      | Noticed a water elemental
  1327 | D:2      | Noticed an earth elemental
  1382 | D:2      | Reached XP level 4. HP: 32/37 MP: 4/4
  1390 | D:2      | Reached skill level 4 in Fighting
  1391 | D:2      | Mangled by a gnoll

Illustrated notes

Levels and vault maps discovered:
D:1:      lightli_arrival_farm, layout_basic
D:2:      layout_loops_ring, lemuel_coloured_pillars_altar,
          nemelex_xobeh_ov_fountains_minmay, nicolae_qazlal_style_of_elements

Skill      XL: |  1  2  3  4 |
---------------+-------------+-----
Armour         | 1 2 |  2.3
Fighting       | 4 |  4.0
Axes           | |  1.0
Throwing       | |  1.0
Dodging        | |  2.0
Stealth        | |  2.0
Shields        | |  1.0

Action                   |  1- 3 |  4- 6 || total
-------------------------+-------+-------++-------
Melee: Hand axe          |    88 |     8 ||    96
 Stab: Sleeping          |     2 |       ||     2
Armor: Robe              |    25 |     3 ||    28
Dodge: Dodged            |    63 |     7 ||    70
